 Dungeon Crawl Stone Soup version 0.17-a0-963-gaa5423c (webtiles) character file.

619 oplop the Vexing (level 7, -5/32 HPs)
             Began as a Spriggan Enchanter on May 8, 2015.
             Slain by a mummy (17 damage)
             ... in an ossuary.
             The game lasted 00:09:02 (3601 turns).

oplop the Vexing (Spriggan Enchanter)               Turns: 3601, Time: 00:09:02

Health: -5/32      AC:  4    Str:  4    XL:     7   Next: 21%
Magic:  13/17      EV: 18    Int: 19    God:
Gold:   194        SH:  0    Dex: 19    Spells: 4 memorised, 9 levels left

rFire  . . .     SeeInvis +     n - +2 dagger (drain)
rCold  + . .     Clarity  .     b - +2 robe
rNeg   . . .     SustAb   .     (shield restricted)
rPois  .         Gourm    .     (helmet restricted)
rElec  .         Spirit   .     (no cloak)
rCorr  .         Warding  .     (gloves unavailable)
rMut   .         Stasis   .     (boots unavailable)
MR     +....                    (no amulet)
Stlth  +++.......               j - ring of protection from cold
                                o - +3 ring of dexterity

@: very quick, somewhat resistant to hostile enchantments, fairly stealthy
A: unfitting armour, see invisible, herbivore 3, speed 3, slow metabolism 2
a: no special abilities


You were in an ossuary.
You were not hungry.

You visited 1 branch of the dungeon, and saw 4 of its levels.
You also visited: Ossuary.

You collected 194 gold pieces.

Inventory:

Hand weapons
 a - a +1 dagger
 g - a +0 blowgun
 n - a +2 dagger of draining (weapon)
Missiles
 p - 13 poisoned needles
Armour
 b - a +2 robe (worn)
Jewellery
 j - a ring of protection from cold (right hand)
 l - an uncursed ring of flight
 o - a +3 ring of dexterity (left hand)
Scrolls
 h - a scroll of teleportation
Potions
 r - a potion of brilliance
Books
 c - a book of Maledictions

   Spells                             Type                      Level
   a - Corona                         Hexes                        1
   b - Ensorcelled Hibernation        Hexes/Ice                    2
   c - Confuse                        Hexes                        3
   d - Tukima's Dance                 Hexes                        3
   e - Dazzling Spray                 Conjuration/Hexes            3
Comestibles
 d - 2 bread rations
 f - 4 fruits


   Skills:
 + Level 4.9 Short Blades
 - Level 3.0 Dodging
 - Level 4.4 Stealth
 + Level 6.1 Spellcasting
 + Level 6.4 Hexes


You had 9 spell levels left.
You knew the following spells:

 Your Spells              Type           Power        Failure   Level  Hunger
a - Corona                Hex            ####...      1%          1    None
b - Ensorcelled Hibernat  Hex/Ice        ###...       6%          2    None
c - Confuse               Hex            ####....     2%          3    ##.....
d - Tukima's Dance        Hex            ####....     2%          3    ##.....


Dungeon Overview and Level Annotations

Branches:
Dungeon (4/15)
 Temple: D:4-7

Altars:
Dithmenos
Fedhas
Gozag
Kikubaaqudgha
Trog
Yredelemnul
The Shining One


Innate Abilities, Weirdness & Mutations

You are tiny and cannot use many weapons and most armour.
You have supernaturally acute eyesight.
You are a herbivore.
You cover ground extremely quickly.
You need consume almost no food.


Message History

The mummy is heavily damaged.
The mummy misses you.
You hit the mummy but do no damage.
The mummy is heavily damaged.
The rat simulacrum bites you but does no damage.
You hit the mummy.
The mummy is severely damaged.
The rat simulacrum misses you.
You hit the mummy but do no damage.
The mummy is severely damaged.
The mummy hits you!
Ouch! That really hurt!
You hit the mummy.
The mummy is severely damaged.
The rat simulacrum closely misses you.
You barely miss the mummy.
The mummy is severely damaged.
The mummy hits you!
Ouch! That really hurt!
You die...

.. #' #^ . #. .. #. ...
##. .... # #.##..... .#
#MZ...... #.# #@##.....
#.# ##.## ... #.# ##.## .
##^# ##.## ##.# ##.##
#'###################'###
....##.#.#.#.#.#.##.....#
.....#'#'#'#'#'#'#......#
........................#


You could see a mummy and a rat simulacrum.

Vanquished Creatures
  Sigmund (D:4)
  The ghost of Pikaro the Magician, an average DgWn (Ossuary)
  A hound (D:4)
  2 orc wizards
  An orc priest (D:3)
  4 gnolls
  6 adders
  An ooze (D:2)
  A worm zombie (D:4)
  2 worms (D:2)
  4 orcs
  A ball python (D:1)
  9 goblins
  5 hobgoblins
  2 jackals (D:3)
  7 kobolds
  A quokka (D:3)
  9 bats
  7 bat simulacra (Ossuary)
  3 giant geckos (D:1)
  A giant newt (D:2)
  2 goblin simulacra (Ossuary)
  7 goblin zombies (Ossuary)
  3 hobgoblin zombies (Ossuary)
  2 kobold simulacra (Ossuary)
  4 kobold zombies (Ossuary)
  2 orc zombies (Ossuary)
  7 rats
  A rat simulacrum (Ossuary)
97 creatures vanquished.

Vanquished Creatures (collateral kills)
  Edmund (D:4)
1 creature vanquished.

Vanquished Creatures (others)
  2 gnoll zombies (Ossuary)
  A hobgoblin zombie (Ossuary)
3 creatures vanquished.

Grand Total: 101 creatures vanquished

Notes
Turn   | Place    | Note
--------------------------------------------------------------
     0 | D:1      | oplop, the Spriggan Enchanter, began the quest for the Orb.
     0 | D:1      | Reached XP level 1. HP: 9/9 MP: 5/5
   396 | D:2      | Reached XP level 2. HP: 1/13 MP: 5/7
   686 | D:2      | Learned a level 2 spell: Ensorcelled Hibernation
   873 | D:2      | Found a shadowy altar of Dithmenos.
   887 | D:2      | Found a basalt altar of Yredelemnul.
   930 | D:2      | Reached XP level 3. HP: 11/16 MP: 1/9
  1038 | D:2      | Learned a level 3 spell: Confuse
  1042 | D:2      | Learned a level 3 spell: Tukima's Dance
  1508 | D:1      | Reached XP level 4. HP: 19/21 MP: 10/10
  2565 | D:3      | Found a bloodstained altar of Trog.
  2565 | D:3      | Found an opulent altar of Gozag.
  2566 | D:3      | Found a glowing golden altar of the Shining One.
  2651 | D:3      | Found an ancient bone altar of Kikubaaqudgha.
  2666 | D:3      | Reached XP level 5. HP: 24/24 MP: 7/12
  2684 | D:3      | Found a blossoming altar of Fedhas.
  2694 | D:3      | Reached skill level 5 in Hexes
  3124 | D:4      | Noticed Sigmund
  3136 | D:4      | Killed Sigmund
  3136 | D:4      | Reached skill level 5 in Spellcasting
  3136 | D:4      | Reached XP level 6. HP: 28/28 MP: 7/14
  3166 | D:4      | Noticed Edmund
  3177 | D:4      | Killed Edmund
  3293 | D:4      | Found a sand-covered staircase.
  3430 | Ossuary  | Entered an ossuary
  3567 | Ossuary  | Reached skill level 6 in Hexes
  3582 | Ossuary  | Noticed Pikaro's ghost (average DgWn)
  3593 | Ossuary  | Killed Pikaro's ghost
  3593 | Ossuary  | Reached XP level 7. HP: 28/32 MP: 12/17
  3601 | Ossuary  | Slain by a mummy

Action                   |  1- 3 |  4- 6 |  7- 9 || total
-------------------------+-------+-------+-------++-------
Melee: Dagger            |    57 |   200 |     8 ||   265
 Cast: Corona            |     3 |       |       ||     3
       Ensorcelled Hiber |    10 |     8 |       ||    18
       Confuse           |     1 |    12 |       ||    13
       Tukima's Dance    |       |     3 |       ||     3
  Use: Potion            |     3 |       |       ||     3
       Scroll            |     1 |     5 |       ||     6
 Stab: Sleeping          |    11 |    18 |       ||    29
       Confused          |       |     7 |       ||     7
  Eat: Royal jelly       |       |     1 |       ||     1
       Pizza             |       |     1 |       ||     1
